Unix NetHack Version 5.0.0-0 post-release - last build Jun 10 2026 00:39:30 (3ee93aec679c4c4259841fe613dc97188e26a321,branch:main).

Game began 2026-07-08 21:08:40, ended 2026-07-08 21:19:33.

Anarchos, lawful female dwarven Valkyrie

          ----------------
          |...:..r.SS::ds|
          |....::.iSSFhq@|
          |d......o.dSfdZ|
          |........:SSrZr|
          ------|---------
                #
               ##
               #
               #
               #
               #
            ---.---------
            |...........+
            |...........|                                             %
            |...........|
            |{...<......|                                    %
            -------------

Anarchos the Skirmisher     St:18/04 Dx:10 Co:20 In:7 Wi:8 Ch:8  Lawful
Dlvl:3  $:32 HP:0(42) Pw:6(6) AC:5  Xp:3 T:674  Satiated

Latest messages:
 Drink from the fountain? [yn] (n) y
 You spot a gem in the sparkling waters!
 P - a yellow gem.
 You find a hidden door.
 You hear some noises in the distance.
 The door opens.
 Q - a statue of a giant rat.
 What do you want to drop? [$a-gi-kmosvwyLNPQ or ?*] Q
 You drop a statue of a giant rat.
 The statue comes to life!
 You see no objects here.
 You miss the leocrotta.
 The leocrotta hits!
 The leocrotta bites!
 The leocrotta hits!
 What do you want to read? [eo or ?*] ?
 As you read the scroll, it disappears.
 Your nose tingles and you smell food.
 (For instructions type a '?')
 Done.
 The leocrotta hits!
 The leocrotta just misses!
 The leocrotta hits!
 What do you want to read? [e or ?*] ?
 What do you want to read? [e or ?*] e
 As you read the scroll, it disappears.
 A fox suddenly appears next to you!
 A cave spider suddenly appears next to you!
 A jackal suddenly appears next to you!
 A dwarf zombie suddenly appears close by!
 A dwarf zombie suddenly appears next to you!
 A giant rat suddenly appears close by!
 A giant rat suddenly appears close by!
 An iguana suddenly appears close by!
 A kitten suddenly appears close by!
 A hobbit suddenly appears close by!
 A garter snake suddenly appears close by!
 A garter snake suddenly appears close by!
 A lichen suddenly appears close by!
 A garter snake suddenly appears close by!
 A garter snake suddenly appears close by!
 A garter snake suddenly appears close by!
 A garter snake suddenly appears close by!
 A garter snake suddenly appears close by!
 An iguana suddenly appears close by!
 A jackal suddenly appears close by!
 The leocrotta hits!
 You die...
 Do you want your possessions identified? [ynq] (y) y
 Do you want to see your attributes? [ynq] (y) q

Inventory:
 Coins    ('$')
  $ - 32 gold pieces
 Weapons  (')')
  b - a +0 dagger (alternate weapon; not wielded)
  a - a +1 dwarvish spear (weapon in right hand)
  L - a +0 elven dagger
  f - a +0 orcish dagger
  k - a cursed -2 orcish dagger
 Armor    ('[')
  i - an uncursed +0 orcish helm (being worn)
  j - a cursed +0 orcish helm
  g - an uncursed +0 shield of drain resistance
  m - a cursed +0 shield of shock resistance
  c - an uncursed +3 small shield (being worn)
 Comestibles  ('%')
  d - 3 uncursed food rations
  s - 2 uncursed lichen corpses
 Potions  ('!')
  v - an uncursed potion of gain ability
  N - an uncursed potion of monster detection
 Tools    ('(')
  y - an uncursed lock pick
 Gems/Stones  ('*')
  w - an uncursed topaz stone
  P - an uncursed worthless piece of yellow glass

Anarchos the Valkyrie's attributes:

Background:
 You were a Skirmisher, a level 3 dwarven Valkyrie.
 You were lawful, on a mission for Tyr
 who was opposed by Odin (neutral) and Loki (chaotic).
 You were right-handed.
 You were in the Dungeons of Doom, on level 3.
 You entered the dungeon 674 turns ago.
 You had 72 experience points, 8 more were needed to attain level 4.

Basics:
 You had 0 out of 42 hit points.
 You had all 6 energy points (spell power).
 Your armor class was 5.
 Your wallet contained 32 zorkmids.
 Autopickup was on for all types.

Final Characteristics:
 Your strength was 18/04 (limit:18/100).
 Your dexterity was 10 (limit:20).
 Your constitution was 20 (limit:20).
 Your intelligence was 7 (limit:16).
 Your wisdom was 8 (limit:16).
 Your charisma was 8 (limit:16).

Final Status:
 You were satiated.
 You were unencumbered.
 You were wielding a spear.
 You had basic skill with spear.

Final Attributes:
 You were fervently aligned.
 You were cold resistant.
 You had infravision.
 You were stealthy.
 You were fast.
 You are dead.

Miscellaneous:
 You didn't encounter any bones levels.
 Total elapsed playing time was 10 minutes and 43 seconds.

Major events:
 Turn
    1: Anarchos the lawful dwarven Valkyrie entered the dungeon
  533: attained the rank of Skirmisher (level 3)
  674: killed by a leocrotta

You didn't know any spells.

Skills:
 Fighting Skills
   bare handed combat [Unskilled]
   two weapon combat  [Unskilled]
   riding             [Unskilled]
 Weapon Skills
   dagger             [Basic]
   axe                [Unskilled]
   pick-axe           [Unskilled]
   short sword        [Unskilled]
   broadsword         [Unskilled]
   long sword         [Unskilled]
   two-handed sword   [Unskilled]
   saber              [Unskilled]
   hammer             [Unskilled]
   quarterstaff       [Unskilled]
   polearms           [Unskilled]
   spear              [Basic]
   trident            [Unskilled]
   lance              [Unskilled]
   sling              [Unskilled]
 Spellcasting Skills
   attack spells      [Unskilled]
   escape spells      [Unskilled]

Voluntary challenges:
 Character rerolling was not enabled.
 You were an atheist.
 You never genocided any monsters.
 You never polymorphed an object.
 You never changed form.
 You used no wishes.
Achievements:
 You entered a shop.
 You attained the rank of Skirmisher.

 The Dungeons of Doom: levels 1 to 3
    Level 1:
       A fountain.
    Level 2:
       A general store, a fountain.
    Level 3: <- You were here.
       A fountain.
       Final resting place for
          you, killed by a leocrotta.


Vanquished creatures:
  a small mimic
 an iguana
  a hobbit
  7 jackals
  2 goblins
  a sewer rat
  a grid bug
  3 lichens
  2 kobold zombies
  3 newts
22 creatures vanquished.

No species were genocided or became extinct.

Game over:
                       ----------
                      /          \
                     /    REST    \
                    /      IN      \
                   /     PEACE      \
                  /                  \
                  |     Anarchos     |
                  |      32 Au       |
                  |   killed by a    |
                  |    leocrotta     |
                  |                  |
                  |                  |
                  |       2026       |
                 *|     *  *  *      | *
        _________)/\\_//(\/(/\)/\//\/|_)_______

Farvel Anarchos the Valkyrie...

You died in The Dungeons of Doom on dungeon level 3 with 467 points,
and 32 pieces of gold, after 674 moves.
You were level 3 with a maximum of 42 hit points when you died.

